AoeStats
← mrsoysal

Black Forest

510428217Analyzed
3v3 RM · 1d ago on Oct 1, 2026· 68m 21s· 6 players
Game mode
Random Map
Map size
Normal (6 player)
Population
200
Speed
Normal
Resources
Standard
Victory
Conquest
Starting age
Dark Age
Ending age
Imperial Age
RankedLock teamsTeams togetherTeam positionsShared explorationLock speedFull tech treeHidden civsTurbo modeCheats
Victory
Defeat
🇻🇳 Khmer · Vietnam
1002
+15
🇹🇷 Malay · Türkiye
995
+16
🇨🇱 Mongols · Chile
989
+16
🇨🇦 Khmer · Canada
1016
-17
🇺🇸 Bulgarians · United States
980
-15
🇲🇽 Goths · Mexico
963
-15
david.icoma
0:40 Loom
11:46 Feudal Age
13:22 Wheelbarrow
12:35 Double-Bit Axe
18:06 Castle Age
17:10 Horse Collar
17:25 Stone Mining
17:57 Gold Mining
21:10 Bow Saw
28:56 Caravan
33:26 Imperial Age
34:29 Perfusion
34:30 Anarchy
35:03 Man-at-Arms
36:01 Elite Huskarl
36:06 Long Swordsman
36:29 Two-Handed Swordsman
39:37 Forging
39:27 Scale Mail Armor
43:25 Chain Mail Armor
45:23 Iron Casting
44:31 Pikeman
45:57 Halberdier
49:55 Blast Furnace
50:56 Chemistry
Socrates_Johnson
1:20 Loom
12:05 Feudal Age
17:27 Castle Age
16:38 Stone Mining
16:57 Fletching
18:07 Horse Collar
18:40 Bodkin Arrow
24:00 Double-Bit Axe
31:14 Gold Mining
32:06 Wheelbarrow
31:45 Heavy Plow
35:48 Imperial Age
33:31 Town Watch
34:48 Scale Barding Armor
34:53 Forging
34:10 Light Cavalry
36:02 Chain Barding Armor
36:18 Iron Casting
35:47 Scale Mail Armor
35:49 Murder Holes
36:28 Bow Saw
37:13 Conscription
37:11 Husbandry
37:38 Bloodlines
39:20 Hand Cart
39:36 Caravan
40:01 Ballistics
39:52 Masonry
41:36 Plate Barding Armor
41:18 Chain Mail Armor
42:42 Blast Furnace
42:22 Crop Rotation
42:06 Capped Ram
43:18 Cavalier
43:34 Pikeman
44:15 Squires
44:01 Gambesons
44:37 Stirrups
44:08 Siege Ram
45:20 Arson
46:38 Gold Shaft Mining
47:40 Siege Engineers
48:36 Chemistry
48:07 Architecture
47:04 Onager
49:57 Halberdier
51:39 Hussar
53:20 Siege Onager
53:29 Siege Onager
So SloW
0:29 Loom
11:48 Feudal Age
17:47 Castle Age
23:38 Double-Bit Axe
23:47 Stone Mining
34:37 Imperial Age
33:43 Ballistics
37:11 Conscription
36:51 Fletching
37:54 Bodkin Arrow
45:43 Bracer
45:54 Forging
51:00 Wheelbarrow
52:53 Bow Saw
52:27 Pikeman
53:29 Halberdier
54:54 Man-at-Arms
55:26 Heavy Scorpion
55:31 Long Swordsman
56:18 Two-Handed Swordsman
oveja83
1:08 Loom
10:41 Feudal Age
12:57 Town Watch
16:30 Castle Age
16:29 Double-Bit Axe
16:50 Horse Collar
17:42 Bow Saw
23:06 Wheelbarrow
24:30 Fletching
25:44 Padded Archer Armor
25:48 Gold Mining
27:26 Hand Cart
28:55 Leather Archer Armor
28:57 Crossbowman
30:03 Ballistics
34:59 Imperial Age
32:36 Stone Mining
34:46 Heavy Plow
34:59 Forging
34:58 Scale Barding Armor
35:07 Husbandry
35:18 Bloodlines
35:53 Scale Barding Armor
36:24 Iron Casting
35:45 Heavy Camel Rider
38:09 Blast Furnace
37:31 Chain Barding Armor
36:34 Light Cavalry
38:14 Fortified Wall
39:06 Chemistry
38:04 Bodkin Arrow
39:28 Bracer
39:26 Capped Ram
40:26 Town Patrol
40:32 Siege Ram
41:14 Hussar
42:50 Siege Engineers
46:28 Caravan
46:18 Onager
47:44 Drill
47:44 Conscription
47:25 Nomads
58:04 Coinage
60:54 Banking
mrsoysal
0:27 Loom
9:16 Feudal Age
20:55 Castle Age
19:06 Stone Mining
19:25 Double-Bit Axe
19:39 Gold Mining
20:10 Horse Collar
23:19 Forging
24:45 Iron Casting
24:17 Squires
25:25 Stone Shaft Mining
26:55 Arson
37:42 Imperial Age
36:43 Wheelbarrow
35:54 Town Watch
39:57 Hand Cart
39:51 Town Patrol
40:36 Caravan
43:41 Conscription
42:52 Elite Karambit Warrior
44:44 Fletching
45:19 Ballistics
47:37 Chemistry
50:11 Bodkin Arrow
50:59 Gold Shaft Mining
50:59 Bracer
50:49 Treadmill Crane
51:11 Murder Holes
57:44 Blast Furnace
57:29 Heavy Plow
57:48 Bow Saw
58:40 Crop Rotation
63:45 Onager
67:29 Pikeman
68:04 Halberdier
kyokiroto
11:36 Feudal Age
14:19 Castle Age
12:33 Double-Bit Axe
13:18 Horse Collar
23:18 Heavy Plow
24:32 Bow Saw
25:35 Wheelbarrow
25:12 Gold Mining
25:14 Stone Mining
25:46 Loom
25:50 Town Watch
26:58 Hand Cart
27:38 Gold Shaft Mining
27:39 Stone Shaft Mining
32:12 Imperial Age
30:24 Ballistics
29:57 Heated Shot
31:57 Padded Archer Armor
32:04 Scale Barding Armor
32:10 Forging
32:50 Town Patrol
33:07 Double Crossbow
34:57 Chemistry
34:44 Crop Rotation
34:20 Husbandry
34:30 Bloodlines
33:41 Light Cavalry
34:52 Conscription
33:59 Heavy Scorpion
35:13 Hussar
36:16 Chain Barding Armor
36:32 Iron Casting
36:13 Leather Archer Armor
39:19 Blast Furnace
38:55 Plate Barding Armor
43:05 Caravan
44:30 Ring Archer Armor
44:15 Masonry
44:10 Siege Engineers
44:01 Murder Holes
44:16 Fortified Wall
Connection lost

Rejoining the realm…

Still unreachable

The connection could not be restored.

Session expired

The server has moved on; the page needs a fresh start.